 Dungeon Crawl Stone Soup version 0.31-a0-117-g42d8f58691 (webtiles) character file.

Game seed: 12675331999289741522

17 Armedmaniac the Ruffian (level 2, -5/29 HPs)
             Began as a Troll Berserker on May 31, 2023.
             Was a Follower of Trog.
             Slain by a gnoll
             ... wielding a +0 flail
              (6 damage)
             ... on level 1 of the Dungeon.
             The game lasted 00:06:39 (257 turns).

Armedmaniac the Ruffian (Troll Berserker)            Turns: 257, Time: 00:06:40

Health: -5/29      AC:  4    Str: 24    XL:     2   Next: 44%
Magic:  1/1        EV: 10    Int:  3    God:    Trog [*.....]
Gold:   18         SH:  0    Dex:  9    Spells: 1/1 levels left

rFire   . .          .
                       - Unarmed
rCold   . . .        (no shield)
rNeg    . . .        a - +0 animal skin
rPois   .            (helmet restricted)
rElec   .            (no cloak)
rCorr   .            (gloves unavailable)
SInv    .            (boots unavailable)
Will    .....        (no amulet)
Stlth   +            (no ring)
HPRegen 1.04/turn    (no ring)
MPRegen 0.07/turn

%: no passive effects
@: no status effects
A: large, unfitting armour, claws 3, regeneration 1, shaggy fur 1, tough skin 1
a: Renounce Religion, Berserk


You were on level 1 of the Dungeon.
You worshipped Trog.
Trog was aware of your devotion.
You visited 1 branch of the dungeon, and saw 1 of its levels.

You collected 18 gold pieces.

Inventory:

Armour
 a - a +0 animal skin (worn)
Scrolls
 c - a scroll of identify {unknown}
 d - a scroll of immolation {unknown}
Potions
 b - a potion of might {unknown}


   Skills:
 + Level 2.6 Fighting
 + Level 2.6 Dodging
 + Level 3.3 Unarmed Combat


You had one spell level left.
You didn't know any spells.
Your spell library was empty.

Dungeon Overview and Level Annotations

Branches:
Dungeon (1/15)

Altars:


Innate Abilities, Weirdness & Mutations

You are too large for most types of armour.
You have claws for hands.
Your natural rate of healing is unusually fast.
You are covered in fur. (AC +1)
You have tough skin. (AC +1)


Message History

Found a stone staircase leading down.
An endoplasm comes into view.
You scratch the endoplasm.
The endoplasm is severely wounded.
The endoplasm hits you but does no damage.
You claw the endoplasm!
You kill the endoplasm!
Trog accepts your kill.
Sorry, I don't know how to traverse that place.
Really walk into that dispersal trap? [Y]es or [N]o only, please.
Really walk into that dispersal trap?
You enter a dispersal trap!
You blink.
Sorry, I don't know how to get there.
Sorry, I don't know how to get there.
Sorry, I don't know how to get there.
Sorry, I don't know how to get there.
Found a sling.
Found 17 gold pieces.
A gnoll comes into view. It is wielding a +0 flail.
The gnoll shouts!
A goblin comes into view. It is wielding a +0 club.
The goblin shouts!
Found 14 gold pieces.
You barely miss the gnoll. You barely miss the gnoll.
The gnoll hits you with a +0 flail.
You scratch the gnoll but do no damage. The gnoll closely misses you.
You claw the gnoll!
The gnoll is severely wounded.
The gnoll hits you with a +0 flail! The goblin hits you with a +0 club.
You miss the goblin. The gnoll hits you with a +0 flail.
The goblin hits you but does no damage.
You closely miss the goblin. The gnoll barely misses you.
The goblin barely misses you.
You closely miss the goblin. The gnoll hits you with a +0 flail!
* * * LOW HITPOINT WARNING * * *
The goblin hits you with a +0 club.
* * * LOW HITPOINT WARNING * * *
The gnoll attacks as you move away! The gnoll hits you with a +0 flail.
You die...

#.............>.......#
......................#
.....##...............#
......#...............#
....#.#....##.........#
......#....#####...####
......## #..........#
.......# ##.........#
.............)..@g..#
..###......$.....g..#
..............$.....#
#########..............
.. #............... ##
.#.............$.
.................
##...............
#...............


You could see a gnoll and a goblin.

Vanquished Creatures
  A ball python (D:1)
  5 endoplasms (D:1)
  A goblin (D:1)
  2 hobgoblins (D:1)
  2 kobolds (D:1)
  A quokka (D:1)
  A bat (D:1)
  A rat (D:1)
14 creatures vanquished.

Notes
Turn   | Place    | Note
-------+----------+-------------------------------------------
     0 | D:1      | Armedmaniac the Troll Berserker began the quest for the
                  | Orb.
     0 | D:1      | Reached XP level 1. HP: 22/22 MP: 0/0
    73 | D:1      | Reached XP level 2. HP: 29/29 MP: 1/1
   256 | D:1      | HP: 1/29 [goblin/+0 club (1)]
   257 | D:1      | Slain by a gnoll

Illustrated notes

Levels and vault maps discovered:
D:1:      minmay_arrival_nine_rooms, layout_rooms

Action                     || total
---------------------------++-------
  Melee: Unarmed           ||    27
 Armour: Animal skin       ||    12
  Dodge: Dodged            ||    15

Table legend: (Time is in decaauts)
 A = Elapsed time spent in this place.
 B = Non-inter-level travel time spent in this place.
 C = Inter-level travel time spent in this place.
 D = Time resting spent in this place.
 E = Time spent auto-exploring this place.
 F = Levels seen in this place.
 G = Mean time per level.
                   A        B        C        D        E       F      G
               +--------+--------+--------+--------+--------+-----+--------+
         Total |    255 |    117 |    138 |      0 |      0 |   1 |  255.0 |
       Dungeon |    255 |    117 |    138 |      0 |      0 |   1 |  255.0 |
               +--------+--------+--------+--------+--------+-----+--------+

Top non-repeatable levels by time:
     D:1: 255 daAuts
